Map: Equilibrium LE

Players

TuKchero - Winner!

  • Race: Protoss Protoss
  • League: Platinum
  • Spawn Location: 1:00

Subwayeatn

  • Race: Zerg Zerg
  • League: Platinum
  • Spawn Location: 11:00

VOD

Have the link to the VOD?

Description

Time

  • Played on: Nov. 4, 2023, 5:01 p.m.
  • Length: 8:10
Show
View Real Time Build Order
Export as new Build Order

TuKchero Protoss - Winner!

Build Orders: Cannon Rush 

Get SALT Encoding   

  12  0:09  Pylon  
  12  0:13  Probe (Chrono Boost)  
  13  0:23  Probe (Chrono Boost)  
  14  0:33  Forge  
  14  0:41  Pylon  
  14  0:45  Probe  
  15  0:57  Probe  
  16  1:07  Photon Cannon  
  16  1:12  Probe (Chrono Boost)  
  17  1:22  Probe (Chrono Boost)  
  17  1:23  Photon Cannon  
  18  1:36  Pylon  
  18  1:41  Gateway  
  18  1:49  Photon Cannon  
  18  1:59  Photon Cannon  
  18  2:03  Probe (Chrono Boost)  
  19  2:15  Probe (Chrono Boost)  
  20  2:22  Probe (Chrono Boost)  
  21  2:28  Assimilator  
  21  2:29  Probe  
  22  2:37  Cybernetics Core  
  22  2:51  Nexus  
  22  3:03  Assimilator  
  22  3:11  Pylon  
  22  3:23  Stalker  
  24  3:36  Probe  
  24  3:39  Warp Gate (Chrono Boost)  
  25  3:53  Probe  
  26  4:05  Probe  
  27  4:11  Stargate  
  27  4:18  Stalker (Chrono Boost), Probe (Chrono Boost)  
  29  4:27  Probe (Chrono Boost)  
  30  4:36  Pylon  
  30  4:37  Probe (Chrono Boost)  
  31  4:40  Gateway  
  31  4:42  Gateway, Probe (Chrono Boost)  
  32  4:47  Pylon  
  32  4:53  Probe  
  33  5:02  Probe  
  33  5:05  Probe  
  35  5:12  Void Ray (Chrono Boost)  
  39  5:14  Probe  
  39  5:18  Probe  
  39  5:20  Stalker  
  43  5:26  Probe  
  44  5:30  Probe  
  44  5:32  Shield Battery  
  45  5:37  Photon Cannon  
  45  5:38  Stalker, Probe  
  45  5:39  Stalker  
  45  5:42  Probe  
  51  5:48  Pylon  
  51  5:51  Photon Cannon  
  51  5:54  Shield Battery  
  51  5:59  Assimilator  
  55  6:06  Void Ray (Chrono Boost)  
  55  6:46  Stalker  
  57  6:47  Stalker x2  
  57  6:49  Probe (Chrono Boost)  
  57  6:53  Assimilator  
  62  6:59  Probe (Chrono Boost)  
  67  7:03  Void Ray  
  67  7:04  Probe (Chrono Boost)  
  68  7:10  Stalker  
  70  7:16  Pylon  
  70  7:17  Pylon  
  70  7:21  Twilight Council  
  70  7:25  Stargate  
  70  7:34  Probe  
  70  7:35  Probe  
  72  7:46  Probe  
  72  7:47  Probe  
  74  7:58  Probe  
Show
View Real Time Build Order
Export as new Build Order

Subwayeatn Zerg 

Build Orders: Hatch First 

Get SALT Encoding   

  12  0:01  Drone  
  13  0:14  Overlord  
  13  0:25  Drone  
  14  0:32  Drone x2  
  16  0:50  Hatchery  
  16  0:53  Drone  
  16  0:56  Drone  
  17  0:59  Drone  
  17  1:03  Extractor  
  17  1:25  Spawning Pool  
  17  1:28  Hatchery  
  17  2:07  Drone x3  
  19  2:23  Queen  
  19  2:24  Overlord  
  19  2:25  Hatchery  
  20  2:33  Roach Warren  
  20  2:36  Drone  
  20  2:49  Drone  
  21  3:03  Queen  
  23  3:06  Drone x2  
  25  3:22  Overlord  
  25  3:37  Queen  
  25  3:39  Drone  
  28  3:47  Extractor, Roach x3  
  35  4:02  Drone  
  34  4:09  Ravager x3  
  37  4:11  Roach x3  
  43  4:22  Drone  
  42  4:50  Lair  
  42  4:51  Drone x2  
  44  4:53  Overlord  
  44  4:55  Overlord  
  44  4:58  Hatchery  
  43  5:14  Drone  
  43  5:15  Baneling Nest  
  43  5:17  Drone  
  43  5:18  Drone  
  45  5:23  Evolution Chamber  
  45  5:25  Evolution Chamber  
  43  5:41  Drone x11  
  54  5:44  Unknown  
  54  5:48  Zerg Missile Weapons Level 1  
  53  5:50  Zerg Melee Weapons Level 1  
  53  6:01  Drone  
  53  6:03  Zergling x2  
  55  6:04  Zergling x2  
  55  6:06  Zergling x2  
  55  6:08  Zergling x2  
  58  6:14  Drone  
  58  6:15  Drone  
  58  6:18  Spine Crawler  
  59  6:23  Spore Crawler  
  55  6:29  Queen x2  
  50  6:44  Roach  
  50  6:45  Roach x3  
  56  6:48  Spore Crawler x2  
  56  6:49  Spore Crawler  
  52  7:04  Queen  
  52  7:05  Queen, Spire  
  55  7:12  Drone x2  
  57  7:17  Drone  
  57  7:47  Overlord x3  
Tags
 
Add a new tag
Caveats
  • Supply blocks, unpowered buildings, or Contaminate may cause inaccurate times.
  • Supply counts are checked every 10 seconds.